AoeStats
← AxingQuestions

Hill Fort

504626457Analyzed
4v4 RM · 25d ago on Sep 6, 2026· 11m 56s· 8 players
Game mode
Random Map
Map size
Large (8 player)
Population
200
Speed
Normal
Resources
Standard
Victory
Conquest
Starting age
Dark Age
Ending age
Imperial Age
RankedLock teamsTeams togetherTeam positionsShared explorationLock speedFull tech treeHidden civsTurbo modeCheats
Victory
Defeat
🇺🇸 Goths · United States
1229
+13
🇧🇷 Italians · Brazil
1217
+14
🇧🇷 Armenians · Brazil
1181
+15
🇹🇼 Franks · Taiwan
1170
+16
🇺🇾 Goths · Uruguay
1203
-15
🇨🇴 Saracens · Colombia
1180
-15
🇺🇸 Franks · United States
1179
-15
🇨🇴 Teutons · Colombia
1117
-13
Bensun
10:50 Feudal Age
Caballero Cruzado
3:42 Loom
4:08 Loom
7:37 Loom
10:16 Feudal Age
10:47 Double-Bit Axe
Paco
10:29 Feudal Age
christianperalta141
6:53 Loom
8:59 Feudal Age
10:09 Double-Bit Axe
AxingQuestions
4:09 Loom
10:52 Feudal Age
AcheronianoSSx
2:45 Loom
9:49 Feudal Age
10:14 Double-Bit Axe
Miffybaba
12:51 Feudal Age
miguelon01
11:33 Feudal Age
Connection lost

Rejoining the realm…

Still unreachable

The connection could not be restored.

Session expired

The server has moved on; the page needs a fresh start.